 Dungeon Crawl Stone Soup version 0.24-a0-252-g5076262 (webtiles) character file.

Game seed: 17421011768232836493

42 Borgoz the Skirmisher (level 3, -17/23 HPs)
             Began as a Gargoyle Fighter on Apr 17, 2019.
             Killed from afar by an ophan (23 damage)
             ... with a bolt of fire
             ... on level 1 of the Abyss.
             The game lasted 00:01:21 (787 turns).

Borgoz the Skirmisher (Gargoyle Fighter)             Turns: 787, Time: 00:01:22

Health: -17/23     AC: 10    Str: 19    XL:     3   Next: 54%
Magic:  3/3        EV:  7    Int:  8    God:
Gold:   57         SH:  9    Dex: 10    Spells: 2/2 levels left

rFire    + . .     SeeInvis .   a - +0 rapier
rCold    . . .     Gourm    .   c - +0 shield
rNeg     + . .     Faith    .   b - +0 scale mail
rPois    ∞         Spirit   .   (no helmet)
rElec    +         Reflect  .   (no cloak)
rCorr    .         Harm     .   (no gloves)
MR       +....                  (no boots)
Stlth    ..........             (no amulet)
HPRegen  0.07/turn              k - ring of protection from magic (curse)
MPRegen  0.08/turn              m - ring of protection from fire

@: glowing
A: negative energy resistance 1, electricity resistance, unbreathing,
petrification resistance, rot immunity, AC +3
a: no special abilities


You were on level 1 of the Abyss.
You were not hungry.

You visited 1 branch of the dungeon, and saw 2 of its levels.
You visited the Abyss 1 time.

You collected 57 gold pieces.

Inventory:

Hand Weapons
 a - a +0 rapier (weapon)
Armour
 b - a +0 scale mail (worn)
 c - a +0 shield (worn)
Jewellery
 k - a cursed ring of protection from magic (left hand)
 m - a ring of protection from fire (right hand)
Scrolls
 h - 3 scrolls of identify {unknown}
 i - a scroll of fear {unknown}
 j - 2 scrolls of remove curse {unknown}
 l - a scroll of enchant armour {unknown}
 n - a scroll of amnesia {unknown}
Potions
 d - a potion of might
 e - a potion of agility {unknown}
 g - a potion of flight {unknown}
Comestibles
 f - 6 rations


   Skills:
 + Level 3.6 Fighting
 * Level 2.3 Short Blades
 + Level 3.5 Armour
 * Level 1.0 Dodging
 + Level 1.3 Stealth
 - Level 3.2 Shields


You had 2 spell levels left.
You didn't know any spells.
Your spell library was empty.

Dungeon Overview and Level Annotations

Branches:
Dungeon (2/15)

Altars:
Fedhas

Annotations:
D:2 Robin


Innate Abilities, Weirdness & Mutations

You are resistant to torment.
Your stone body is resilient. (AC +3)
You are immune to poison.
You resist negative energy. (rN+)
You are resistant to electric shocks. (rElec)
You can survive without breathing.
You are immune to petrification.
You are immune to rotting.


Message History

The ophan is lightly wounded.
The ophan calls forth blessed flames!
You barely miss the ophan.
The ophan is lightly wounded.
You closely miss the ophan.
The ophan is lightly wounded.
You hit the ophan but do no damage.
The ophan is lightly wounded.
You closely miss the ophan.
The ophan is lightly wounded.
You closely miss the ophan.
The ophan is lightly wounded.
You closely miss the ophan.
The ophan is lightly wounded.
You hit the ophan but do no damage.
The ophan is lightly wounded.
The ophan harnesses the cleansing power of fire!
The bolt of fire hits you!! You resist.
Ouch! That really hurt!
You die...

#..... .. ..
###.. ... .... .
##..... .∩. ...
.. .#......... .
.. ..
..#....##∩..
......
#........# .#
#.......##. .
#......##.### .
#...G@........#
#...............
..
..#.....##......
## #....[.#
..... ..
#......#......
...
#.#............
.. . #.####..
...... ##
.######## .


You could see an ophan.

Vanquished Creatures
  An adder (D:2)
  A ball python (D:1)
  2 giant cockroaches (D:1)
  6 goblins
  3 hobgoblins
  4 kobolds
  7 bats (D:1)
  4 rats (D:1)
28 creatures vanquished.

Notes
Turn   | Place    | Note
-------+----------+-------------------------------------------
     0 | D:1      | Borgoz the Gargoyle Fighter began the quest for the Orb.
     0 | D:1      | Reached XP level 1. HP: 14/14 MP: 1/1
   128 | D:1      | Reached XP level 2. HP: 16/19 MP: 2/2
   212 | D:1      | Reached skill level 1 in Stealth
   379 | D:1      | Reached XP level 3. HP: 20/23 MP: 3/3
   611 | D:2      | Reached skill level 1 in Dodging
   699 | D:2      | Found a blossoming altar of Fedhas.
   736 | D:2      | Noticed Robin
   754 | D:2      | Cast into level 1 of the Abyss (Robin)
   759 | Abyss:1  | Noticed an ophan
   787 | Abyss:1  | Killed from afar by an ophan

Levels and vault maps discovered:
D:1:      dpeg_arrival_water_temple_mockup, layout_basic
D:2:      layout_rooms, lemuel_crystal_altar, lemuel_coloured_pillars_altar,
          gammafunk_temple_overflow_claw, uniq_robin
Abyss:1

Skill      XL: |  1  2  3 |
---------------+----------+-----
Short Blades   | 2 |  2.3
Stealth        | 1 |  1.3
Dodging        | 1 |  1.0
Fighting       | |  3.6
Armour         | |  3.5
Shields        | |  3.2

Action                   || total
-------------------------++-------
Melee: Rapier            ||   128
Armor: Scale mail        ||    66
Dodge: Dodged            ||    43
Block: Shield            ||    66

Table legend:
 A = Non-vault XP
 B = Vault XP
 C = Vault XP percentage of total XP
 D = Non-vault monster count
 E = Vault monster count
 F = Vault count percentage of total count
                 A         B        C        D         E       F
            +---------+---------+-------+---------+---------+-------
      Total |      54 |       6 |  10.0 |      25 |       3 |  10.7
            +---------+---------+-------+---------+---------+-------
        D:1 |      36 |       0 |   0.0 |      22 |       0 |   0.0
        D:2 |      18 |       6 |  25.0 |       3 |       3 |  50.0
            +---------+---------+-------+---------+---------+-------
